Map: Disco Bloodbath LE

Players

MаXGrig - Winner!

  • Race: Zerg Zerg
  • League: Diamond
  • Spawn Location: 3:00

A.I. 1 (Elite)

  • Race: Protoss Protoss
  • Spawn Location: 9:00

VOD

Have the link to the VOD?

Description

Time

  • Played on: Nov. 8, 2019, 8:40 a.m.
  • Length: 18:26
Show
View Real Time Build Order
Export as new Build Order

MаXGrig Zerg - Winner!

Build Orders: Pool First 

Get SALT Encoding   

  12  0:01  Drone  
  13  0:10  Drone  
  13  0:13  Extractor  
  13  0:16  Extractor  
  13  0:17  Drone  
  13  0:22  Drone  
  14  0:44  Spawning Pool  
  14  0:47  Drone  
  14  1:00  Overlord  
  14  1:19  Drone  
  14  1:20  Drone  
  14  1:21  Drone  
  17  1:39  Lair  
  17  1:44  Drone  
  18  1:48  Drone  
  19  1:58  Overlord  
  19  2:17  Overlord  
  19  2:18  Drone  
  20  2:25  Drone  
  21  2:37  Spire  
  21  2:43  Queen  
  22  2:50  Overlord  
  22  2:57  Overlord  
  22  3:48  Mutalisk x3  
  22  3:54  Mutalisk x3  
  34  4:00  Zerg Flyer Weapons Level 1  
  34  4:07  Drone  
  35  4:13  Drone  
  36  4:25  Drone  
  37  4:32  Hatchery  
  36  4:55  Mutalisk x3  
  42  5:06  Spine Crawler  
  41  5:07  Spine Crawler  
  41  5:08  Overlord  
  41  5:09  Spine Crawler  
  39  5:29  Mutalisk  
  39  5:32  Mutalisk  
  43  5:40  Drone x2  
  45  5:43  Queen  
  47  5:50  Mutalisk  
  49  6:21  Drone x6  
  49  6:24  Zerg Flyer Weapons Level 2  
  55  7:00  Mutalisk  
  55  7:01  Mutalisk  
  57  7:06  Drone  
  57  7:07  Drone x5  
  57  7:08  Queen  
  67  7:33  Overlord x4  
  67  7:46  Queen  
  67  7:47  Overlord x2, Hatchery  
  68  8:03  Mutalisk x3  
  74  8:16  Mutalisk  
  76  8:25  Spine Crawler  
  75  8:27  Spine Crawler  
  75  8:28  Spine Crawler x2  
  75  8:30  Spine Crawler  
  71  8:36  Drone x2  
  71  8:37  Drone x2  
  71  8:38  Drone x3  
  76  9:14  Mutalisk  
  76  9:15  Mutalisk x2  
  80  9:43  Drone  
  80  9:44  Drone x15  
  96  9:52  Extractor x2  
  94  10:16  Extractor  
  94  10:18  Extractor  
  94  10:20  Drone  
  94  10:21  Drone x14  
  107  10:34  Mutalisk  
  107  10:35  Mutalisk x2  
  113  10:54  Drone x2  
  113  10:56  Overlord x4  
  115  11:08  Zerg Flyer Armor Level 1  
  115  11:16  Mutalisk  
  115  11:17  Mutalisk x6  
  129  11:27  Mutalisk  
  129  11:28  Mutalisk  
  133  11:34  Mutalisk  
  135  12:18  Mutalisk  
  135  12:19  Mutalisk x6  
  149  12:44  Mutalisk x2  
  149  12:47  Overlord x2  
  149  12:48  Overlord  
  153  13:07  Zerg Flyer Armor Level 2  
  153  13:10  Mutalisk x4  
  161  13:30  Spine Crawler  
  161  13:31  Spine Crawler x2  
  161  13:32  Spine Crawler x4  
  161  13:33  Spine Crawler  
  153  13:36  Spine Crawler  
  153  13:37  Spine Crawler  
  151  13:43  Mutalisk  
  151  13:44  Mutalisk x5  
  163  14:05  Mutalisk x3  
  169  14:24  Mutalisk  
  169  14:25  Mutalisk x2  
  169  14:28  Drone  
  169  14:29  Drone x2  
  169  14:30  Overlord x5  
  169  14:31  Overlord x10  
  178  14:32  Overlord x13  
  178  15:04  Spine Crawler  
  178  15:07  Spine Crawler x2  
  176  15:08  Spine Crawler  
  176  15:09  Spine Crawler  
  176  15:10  Spine Crawler x4  
  176  15:11  Spine Crawler x3  
  176  15:12  Spine Crawler  
  176  15:13  Spine Crawler  
  164  15:18  Mutalisk  
  164  15:19  Mutalisk x6  
  178  15:23  Mutalisk  
  180  16:14  Mutalisk  
  180  16:15  Mutalisk x4  
  188  17:03  Mutalisk  
  188  17:04  Mutalisk x5  
Show
View Real Time Build Order
Export as new Build Order

A.I. 1 (Elite) Protoss 

Build Orders: Zealot Archon 

Get SALT Encoding   

  12  0:00  Probe  
  13  0:13  Probe  
  14  0:19  Pylon  
  14  0:25  Probe  
  15  0:34  Probe  
  15  0:42  Probe  
  16  0:47  Assimilator  
  17  0:50  Gateway  
  17  0:52  Probe  
  18  1:00  Probe  
  18  1:01  Pylon  
  19  1:08  Probe  
  19  1:18  Probe  
  21  1:36  Gateway  
  21  1:37  Probe  
  21  1:39  Zealot  
  24  1:42  Cybernetics Core  
  24  1:46  Pylon  
  24  1:49  Probe  
  25  1:57  Zealot  
  25  2:01  Probe  
  28  2:09  Assimilator  
  28  2:13  Probe  
  29  2:19  Warp Gate  
  29  2:23  Adept  
  29  2:24  Adept  
  29  2:25  Probe  
  34  2:36  Pylon  
  34  2:37  Probe  
  35  2:49  Adept  
  35  2:50  Probe  
  36  2:53  Sentry  
  40  3:02  Probe  
  41  3:13  Nexus  
  41  3:14  Probe  
  42  3:20  Stalker  
  44  3:30  Forge  
  44  3:48  Probe  
  45  4:00  Probe  
  45  4:01  Stargate  
  46  4:07  Photon Cannon  
  46  4:08  Probe  
  46  4:09  Photon Cannon  
  46  4:13  Pylon  
  47  4:21  Probe x2  
  47  4:25  Adept  
  47  4:29  Probe  
  51  4:32  Probe  
  53  4:39  Probe  
  53  4:45  Stargate, Probe  
  53  4:51  Probe  
  49  4:57  Probe  
  49  5:03  Probe  
  50  5:08  Probe  
  50  5:15  Probe  
  50  5:16  Probe  
  50  5:24  Probe  
  50  5:25  Twilight Council  
  50  5:27  Probe  
  51  5:32  Probe  
  49  5:39  Probe  
  49  5:42  Probe  
  52  5:52  Probe  
  52  5:54  Probe  
  54  6:01  Assimilator  
  51  6:06  Templar Archives  
  51  6:07  Assimilator, Probe  
  51  6:09  Probe  
  49  6:11  Stalker  
  49  6:16  Probe  
  47  6:21  Probe  
  47  6:24  Probe  
  49  6:29  Stalker  
  50  6:33  Probe x2  
  50  6:36  Stalker  
  52  6:45  Probe  
  52  6:46  Probe  
  52  6:52  Sentry, Stalker  
  52  6:57  Probe  
  52  6:58  Probe  
  49  7:09  Probe  
  49  7:10  Probe  
  49  7:12  Pylon  
  49  7:15  High Templar x2  
  51  7:31  Archon  
  51  7:35  Robotics Facility  
  51  7:38  Pylon  
  51  7:39  High Templar  
  51  7:43  Probe  
  51  7:44  High Templar  
  56  7:46  Probe  
  56  7:48  Archon  
  57  7:55  Probe  
  57  7:58  Probe  
  55  8:07  Pylon, Probe  
  55  8:09  High Templar  
  55  8:10  Probe  
  55  8:19  Probe  
  55  8:23  Probe  
  55  8:24  Observer  
  55  8:25  Pylon  
  58  8:31  Pylon  
  58  8:35  High Templar  
  58  8:37  Probe  
  61  8:42  Stalker x2  
  61  8:43  Pylon  
  61  8:44  Probe  
  62  8:49  Probe  
  62  8:50  Archon  
  62  8:52  High Templar  
  65  8:56  Probe  
  57  9:05  Probe  
  58  9:10  Probe  
  58  9:13  High Templar  
  58  9:17  Probe  
  59  9:25  Stalker  
  59  9:27  Probe  
  59  9:29  Archon, Probe  
  60  9:44  High Templar  
  62  9:49  Probe  
  63  9:53  Probe  
  64  10:01  Probe  
  64  10:02  High Templar  
  64  10:05  Probe  
  68  10:08  Stalker  
  68  10:13  Probe  
  71  10:16  Archon  
  71  10:18  Probe  
  72  10:22  Pylon  
  72  10:25  Probe  
  73  10:30  Probe  
  73  10:32  Stalker  
  76  10:36  Probe  
  76  10:42  Probe  
  78  10:45  Probe  
  78  10:47  Stalker  
  78  10:48  Sentry  
  83  10:53  Probe  
  83  10:54  Probe  
  85  11:06  Probe  
  85  11:08  Stalker, Probe  
  85  11:10  Zealot  
  91  11:18  Probe  
  92  11:20  Probe  
  93  11:30  Stalker, Probe  
  96  11:35  Zealot  
  96  11:36  Pylon  
  98  11:45  Nexus  
  98  11:50  Zealot  
  98  11:53  Zealot  
  102  12:03  Stalker  
  102  12:08  Pylon  
  104  12:10  Probe x2  
  104  12:13  Zealot  
  99  12:22  Probe x2  
  87  12:27  Stalker  
  78  12:34  Adept, Probe  
  71  12:45  Pylon  
  71  12:47  Adept  
  71  12:50  Probe  
  75  13:02  Probe  
  75  13:21  Nexus  
  65  13:56  High Templar  
  55  15:54  Archon  
Tags
 
Composition
Zealot Archon
League
Diamond
Matchup
PvZ
Opening
Pool First
Spawn Locations
Cross Positions
Add a new tag
Caveats
  • Supply blocks, unpowered buildings, or Contaminate may cause inaccurate times.
  • Supply counts are checked every 10 seconds.